 Dungeon Crawl Stone Soup version 0.22-a0-433-gd2a9cce0b5 (webtiles) character file.

3137 Oravi the Martial Artist (level 9, -23/71 HPs)
             Began as a Merfolk Transmuter on May 29, 2018.
             Was a Follower of Uskayaw.
             Killed from afar by eLGassi's ghost (29 damage)
             ... with an orb of energy
             ... on level 8 of the Dungeon.
             The game lasted 00:22:53 (7559 turns).

Oravi the Martial Artist (Merfolk Transmuter)       Turns: 7559, Time: 00:22:54

Health: -23/71     AC:  3    Str: 10    XL:     9   Next: 92%
Magic:  10/12      EV: 18    Int: 15    God:    Uskayaw [*.....]
Gold:   330        SH:  0    Dex: 15    Spells: 7/12 levels left

rFire    . . .     SeeInvis .     - Unarmed
rCold    . . .     Gourm    .   (no shield)
rNeg     + . .     Faith    .   b - +0 robe
rPois    .         Spirit   .   (no helmet)
rElec    .         Reflect  .   h - +0 cloak
rCorr    .         Harm     .   (no gloves)
MR       .....                  (no boots)
Stlth    ++........             (no amulet)
HPRegen  0.21/turn              i - ring of positive energy
MPRegen  0.13/turn              n - ring of stealth

@: lethally poisoned (-23 -> -25), berserk cooldown, slowed, very slow
A: change form in water, swift swim, stealthy swim
a: Stomp, Renounce Religion


You were on level 8 of the Dungeon.
You worshipped Uskayaw.
Uskayaw was noncommittal.
You were not hungry.

You visited 2 branches of the dungeon, and saw 9 of its levels.

You collected 466 gold pieces.
You spent 136 gold pieces at shops.

Inventory:

Missiles
 a - 119 arrows
Armour
 b - a +0 robe (worn)
 h - a +0 cloak (worn)
Jewellery
 i - a ring of positive energy (left hand)
 m - a cursed -6 ring of evasion {unknown}
 n - a ring of stealth (right hand)
 q - an uncursed ring of protection from fire
 r - an uncursed ring of flight
 x - a +2 amulet of reflection {unknown}
Wands
 u - a wand of disintegration (12)
 y - a wand of digging (8)
 B - a wand of polymorph (9)
Scrolls
 e - a scroll of fog
 f - 4 scrolls of identify
 g - 2 scrolls of amnesia
 k - 5 scrolls of teleportation
 p - 8 scrolls of remove curse
 w - a scroll of enchant armour {unknown}
 A - a scroll of fear {unknown}
 C - a scroll of immolation {unknown}
Potions
 c - a potion of berserk rage
 j - a potion of agility
 l - 2 potions of magic
 o - a potion of might
 s - 4 potions of flight
Comestibles
 d - 8 rations
 E - 8 chunks of flesh


   Skills:
 + Level 6.7 Fighting
 + Level 8.4 Dodging
 * Level 10.1 Unarmed Combat
 - Level 2.0 Spellcasting
 - Level 6.5 Transmutations
 - Level 3.4 Poison Magic


You had 7 spell levels left.
You knew the following spells:

 Your Spells              Type           Power        Failure   Level  Hunger
a - Spider Form           Tmut/Pois      ###.......   9%          3    ###....
b - Sticks to Snakes      Tmut           ###.....     2%          2    ###....

Your spell library contained the following spells:

 Spells                   Type           Power        Failure   Level  Hunger
 Apportation              Tloc           #.....       22%         1    #......
 Confuse                  Hex            #.......     54%         3    ###....
 Summon Small Mammal      Summ           #...         22%         1    #......
 Animate Skeleton         Necr           N/A          22%         1    #......
 Blade Hands              Tmut           ###.......   38%         5    ######.
 Ice Form                 Ice/Tmut       ##......     50%         4    #####..
 Confusing Touch          Hex            #.....       22%         1    #......
 Metabolic Englaciation   Hex/Ice        #.........   99%         5    ######.
 Petrify                  Tmut/Erth      ##......     50%         4    #####..
 Beastly Appendage        Tmut           ###...       1%          1    #......
 Gell's Gravitas          Tloc           #.........   54%         3    ###....
 Yara's Violent Unravell  Hex/Tmut       ##........   85%         5    ######.


Dungeon Overview and Level Annotations

Branches:
Dungeon (8/15)             Temple (1/1) D:4
   Lair: D:8-11

Altars:
Ashenzari
Cheibriados
Dithmenos
Elyvilon
Fedhas
Gozag
Hepliaklqana
Kikubaaqudgha
Makhleb
Nemelex Xobeh
Okawaru
Ru
Sif Muna
Trog
Uskayaw
Vehumet
Wu Jian
Yredelemnul
Zin
The Shining One

Shops:
D:4 *   D:6 =   D:7 [}[:

Annotations:
D:4 exclusion: statue
D:8 eLGassi's ghost, novice DECj


Message History

Things that are here:
a dire flail; a plate armour Eating one of 9 chunks of flesh.
You eat one of the 9 chunks of flesh.
This raw flesh tastes terrible.
You feel your anger nearly subside.
You are no longer berserk.
You are exhausted.
You feel yourself slow down.
You see here a scale mail.
ELGassi's ghost points at you and mumbles some strange words.
The orb of energy hits you!
* * * LOW HITPOINT WARNING * * *
ELGassi's ghost hits you but does no damage.
You are poisoned.
You feel sick. ELGassi's ghost casts a spell at you.
The orb of energy misses you.
The orb of energy explodes!
You feel sick.
ELGassi's ghost points at you and mumbles some strange words.
The orb of energy hits you!
You die...

).....................#
..............#####'####
.##...##......#........#
.##...#########........#
..'...........#........#
..#)......(...#........#
..#...........#........#
..#...........#........#
..#...........#.@......########..
.##...........#........#...#..#..
.##...##+######........#.........
.#....##......#..W..)..#.........
.#............#........#.........
.#.........>..#........#.........
.#......<.....#........#.........
.#............#.....$[.#W........
###..###...##.#.......)#)####..##


You could see eLGassi's ghost.

Vanquished Creatures
  Pikel (D:4)
  The ghost of endorz the Arsonist, a novice DEFE (D:6)
  Menkaure (D:5)
  Edmund (D:5)
  3 ice beasts
  An orc warrior (D:8)
  A slave (D:4)
  A phantom (D:5)
  A necrophage (D:5)
  An ogre (D:6)
  The ghost of Arvy the Ducker, an amateur MfGl (D:3)
  2 centaurs
  2 bullfrogs
  Blork the orc (D:4)
  A wyvern zombie (D:7)
  A water moccasin zombie (D:8)
  3 scorpions
  A howler monkey (D:8)
  3 crimson imps
  A quasit (D:7)
  A centaur skeleton (D:5)
  3 orc priests
  A bullfrog skeleton (D:5)
  5 hounds
  An iguana (D:7)
  2 worker ants
  A killer bee zombie (D:7)
  2 hound zombies
  3 gnolls (D:3)
  7 adders
  A howler monkey skeleton (D:5)
  A shadow imp (D:6)
  2 oozes (D:2)
  6 worms
  3 adder skeletons
  A dart slug (D:3)
  5 leopard geckos
  15 orcs
  A giant cockroach (D:4)
  8 goblins
  4 hobgoblins
  12 jackals
  4 kobolds
  9 bats
  4 frilled lizards
  9 rats
139 creatures vanquished.

Vanquished Creatures (others)
  2 slaves (D:5)
  An orc priest (D:5)
  2 orc wizards (D:5)
  A shadow imp (D:5)
  2 orcs (D:5)
  A giant cockroach zombie (D:5)
9 creatures vanquished.

Grand Total: 148 creatures vanquished

Notes
Turn   | Place    | Note
-------+----------+-------------------------------------------
     0 | D:1      | Oravi the Merfolk Transmuter began the quest for the Orb.
     0 | D:1      | Reached XP level 1. HP: 15/15 MP: 3/3
   389 | D:1      | Reached XP level 2. HP: 20/21 MP: 5/5
  1289 | D:2      | Found a shattered altar of Ashenzari.
  1302 | D:2      | Reached XP level 3. HP: 25/26 MP: 4/6
  1435 | D:2      | Learned a level 2 spell: Sticks to Snakes
  1439 | D:2      | Learned a level 3 spell: Spider Form
  1685 | D:2      | Reached skill level 5 in Transmutations
  1730 | D:2      | Reached skill level 1 in Poison Magic
  2019 | D:2      | Reached XP level 4. HP: 19/32 MP: 0/7
  2321 | D:3      | Reached XP level 5. HP: 8/37 MP: 2/8
  2488 | D:3      | Noticed Arvy's ghost (amateur MfGl)
  2734 | D:3      | Killed Arvy's ghost
  3066 | D:3      | Found a basalt altar of Yredelemnul.
  3220 | D:3      | Reached XP level 6. HP: 43/43 MP: 7/9
  3401 | D:4      | Found a sacrificial altar of Ru.
  3646 | D:4      | Noticed Blork the orc
  3656 | D:4      | Killed Blork the orc
  3656 | D:4      | Reached skill level 4 in Unarmed Combat
  3827 | D:4      | Found a radiant altar of Vehumet.
  4200 | D:4      | Found a staircase to the Ecumenical Temple.
  4217 | Temple   | Entered the Ecumenical Temple
  4512 | D:4      | Found Qemainea's Assorted Antiques.
  4515 | D:4      | Bought a scroll labeled JOMEK NEOF for 17 gold pieces
  4515 | D:4      | Bought a golden ring for 85 gold pieces
  4515 | D:4      | Bought a scroll labeled PAYB ZOUHARU for 17 gold pieces
  4515 | D:4      | Bought a scroll labeled JOMEK NEOF for 17 gold pieces
  4648 | D:5      | Entered Level 5 of the Dungeon
  4648 | D:5      | Noticed Pikel
  4648 | D:5      | Noticed a slave
  4648 | D:5      | Noticed a slave
  4648 | D:5      | Noticed a slave
  4648 | D:5      | Noticed a slave
  4657 | D:4      | Killed a slave
  4687 | D:4      | Killed Pikel
  4687 | D:4      | Reached skill level 5 in Dodging
  4687 | D:4      | Reached skill level 6 in Unarmed Combat
  4687 | D:4      | Reached XP level 7. HP: 15/52 MP: 10/10
  4687 | D:4      | Reached XP level 8. HP: 17/59 MP: 11/11
  5030 | D:5      | Noticed Edmund
  5043 | D:5      | Killed Edmund
  5059 | D:5      | Found a hide-covered altar of Uskayaw.
  5071 | D:5      | Became a worshipper of Uskayaw the Reveler
  5086 | D:5      | Reached skill level 7 in Unarmed Combat
  5086 | D:5      | Reached * piety under Uskayaw
  5119 | D:5      | Reached ** piety under Uskayaw
  5306 | D:5      | Reached *** piety under Uskayaw
  5309 | D:5      | Reached **** piety under Uskayaw
  5321 | D:5      | Noticed Menkaure
  5332 | D:5      | Killed Menkaure
  5339 | D:5      | Reached skill level 5 in Fighting
  5351 | D:5      | Found an opulent altar of Gozag.
  5365 | D:5      | Reached skill level 8 in Unarmed Combat
  5619 | D:5      | Reached XP level 9. HP: 63/68 MP: 8/12
  5827 | D:5      | Found an iron altar of Okawaru.
  5831 | D:5      | Found a snail-covered altar of Cheibriados.
  6060 | D:6      | Noticed endorz's ghost (novice DEFE)
  6099 | D:6      | Found Lavuewni's Jewellery Shoppe.
  6198 | D:6      | HP: 2/68 [endorz's ghost (4)]
  6205 | D:6      | Killed endorz's ghost
  6394 | D:6      | Reached skill level 9 in Unarmed Combat
  6721 | D:7      | Found Xiuroili's Antique Armour Shoppe.
  6790 | D:7      | Found Diqutzen's Book Boutique.
  6790 | D:7      | Found Amniumul's Armour Boutique.
  6821 | D:7      | Found a shadowy altar of Dithmenos.
  6886 | D:7      | Found Ihuoloc's Gadget Boutique.
  6901 | D:7      | Found a sacrificial altar of Ru.
  6923 | D:7      | Found a bloodstained altar of Trog.
  7520 | D:8      | Reached skill level 10 in Unarmed Combat
  7531 | D:8      | Noticed eLGassi's ghost (novice DECj)
  7559 | D:8      | Killed from afar by eLGassi's ghost

Vault maps used:
D:1:      dpeg_arrival_subterranean_lakeside_camping
D:2:      ashenzari_altar_1, minmay_misc_feat_room
D:3:      lemuel_coloured_pillars_altar, first_ration
D:4:      wad_lake_hut, vehumet_statue, minmay_temple_entry_junction,
          serial_shops, kennysheep_mini, minmay_misc_feat_iff,
          nicolae_ru_awakened_eye, uniq_blork_the_orc
D:5:      eat_drink_and_be_merry_uskayaw, nicolae_overflow_crystal_walls,
          minitemple, uniq_edmund, uniq_menkaure, uniq_pikel
D:6:      serial_shops, shop_fountains
D:7:      overflow_temple_1_default, grunt_dithmenos_smoke, bloody_trog,
          serial_shops, nicolae_shop_behind_doors, nicolae_shop_statue_plus,
          shop, shop_fountains
D:8:      kennysheep_generic_room_5
Temple:   jpeg_temple_alley_garden

Skill      XL: |  1  2  3  4  5  6  7  8  9 |
---------------+----------------------------+-----
Transmutations | 3 4 5 6 |  6.5
Poison Magic   | 1 2 3 |  3.4
Dodging        | 5 6 8 |  8.4
Unarmed Combat | 6 8 10 | 10.1
Fighting       | 3 5 6 |  6.7
Spellcasting   | |  2.0

Action                   |  1- 3 |  4- 6 |  7- 9 || total
-------------------------+-------+-------+-------++-------
Melee: Unarmed           |   114 |   148 |   262 ||   524
       Headbutt          |    16 |     1 |       ||    17
       Punch             |     1 |       |       ||     1
 Cast: Beastly Appendage |    16 |     1 |       ||    17
       Spider Form       |     9 |    21 |    29 ||    59
       Sticks to Snakes  |       |       |     5 ||     5
  Use: Potion            |       |     3 |     6 ||     9
       Scroll            |       |     9 |       ||     9
 Stab: Sleeping          |     6 |     5 |     3 ||    14
       Paralysed         |       |       |     4 ||     4
       Distracted        |       |       |     1 ||     1
  Eat: Chunk             |     5 |    10 |     9 ||    24
       Ration            |       |       |     2 ||     2
Armor: Robe              |    16 |     2 |     4 ||    22
       Skin              |       |     7 |     4 ||    11
Dodge: Dodged            |    63 |   133 |   207 ||   403

Table legend:
 A = Spawn XP
 B = Non-spawn XP
 C = Spawn XP percentage of total XP
 D = Spawn monster count
 E = Non-spawn monster count
 F = Spawn count percentage of total count
 G = Total turns spent on level
                    A         B        C        D         E        F      G
               +---------+---------+-------+---------+---------+-------+---------
         Total |       0 |    4482 |   0.0 |       0 |     138 |   0.0 |  7559
               +---------+---------+-------+---------+---------+-------+---------
           D:1 |       0 |      29 |   0.0 |       0 |      18 |   0.0 |  1094
           D:2 |       0 |      83 |   0.0 |       0 |      23 |   0.0 |  1249
           D:3 |       0 |     208 |   0.0 |       0 |      21 |   0.0 |   999
           D:4 |       0 |     926 |   0.0 |       0 |      16 |   0.0 |  1358
           D:5 |       0 |    1296 |   0.0 |       0 |      23 |   0.0 |  1308
           D:6 |       0 |     785 |   0.0 |       0 |      10 |   0.0 |   499
           D:7 |       0 |     324 |   0.0 |       0 |       6 |   0.0 |   473
           D:8 |       0 |     831 |   0.0 |       0 |      21 |   0.0 |   365
               +---------+---------+-------+---------+---------+-------+---------
